 Dungeon Crawl Stone Soup version 0.14-a0-1330-g3eed206 (webtiles) character file.

76 4tharraofdagon the Stinger (level 2, 0/25 HPs)
             Began as a Centaur Venom Mage on Dec 6, 2013.
             Killed by nerve-wracking pain
             ... invoked by Jessica
              (5 damage)
             ... on Level 3 of the Dungeon.
             The game lasted 00:03:00 (631 turns).

4tharraofdagon the Stinger (Centaur Venom Mage)      Turns: 631, Time: 00:03:00

HP   0/25        AC  4     Str 10      XL: 2   Next: 72%
MP   1/3         EV  9     Int 14      God:
Gold 53          SH  0     Dex  9      Spells:  2 memorised,  1 level left

rFire  . . .     SeeInvis .     (no weapon)
rCold  . . .     Clarity  .     a - +0 robe
rNeg   . . .     Conserve .     (no shield)
rPois  .         rCorr    .     (no helmet)
rElec  .         rRot     .     (no cloak)
SustAb . .       Spirit   .     (no gloves)
rMut   .         Warding  .     (no barding)
Saprov . . .     Stasis   .     (no amulet)
                                (no ring)
                                (no ring)

@: very quick, not resistant to hostile enchantments, very unstealthy
A: hooves 3, deformed body, herbivore 1, speed 2, fast metabolism 1, tough skin
3
a: no special abilities


You were on level 3 of the Dungeon.
You were not hungry.

You visited 1 branch of the dungeon, and saw 3 of its levels.

You collected 53 gold pieces.

Inventory:

Armour
 a - a +0 robe (worn)
 h - a +0 chain mail
Comestibles
 c - 2 bread rations
 d - a snozzcumber
 j - a meat ration
Scrolls
 e - 3 scrolls of recharging {unknown}
 f - a scroll of remove curse {unknown}
Potions
 g - a potion of poison {unknown}
 i - a potion of speed
 k - 2 potions of might {unknown}
 l - a potion of invisibility {unknown}
Books
 b - a Young Poisoner's Handbook

   Spells                             Type                      Level
   *Sting                             Conjuration/Poison           1
   *Cure Poison                       Poison                       2
   Mephitic Cloud                     Conjuration/Poison/Air       3
   Olgreb's Toxic Radiance            Poison                       4
   Venom Bolt                         Conjuration/Poison           5


   Skills:
 * Level 2.4 Fighting
 - Level 1.3 Dodging
 - Level 1.2 Stealth
 - Level 1.5 Spellcasting
 - Level 3.2 Poison Magic


You had one spell level left.
You knew the following spells:

 Your Spells              Type           Power        Failure   Level  Hunger
a - Sting                 Conj/Pois      #...         14%         1    ##.....
b - Cure Poison           Pois           ##........   12%         2    ###....


Dungeon Overview and Level Annotations

Branches:
Dungeon (3/16)

Altars:

Annotations:
D:3 Jessica


Innate Abilities, Weirdness & Mutations

You have hooves in place of feet.
Armour fits poorly on your strangely shaped body.
You digest meat inefficiently.
You cover ground very quickly.
You have a fast metabolism.
You have extremely tough skin (AC +3).


Message History

Confirm with . or Enter, or press ? or * to list all spells.
Aiming: Sting
Press: ? - help, Shift-Dir - straight line, f - Jessica
Aim: Jessica wearing a robe (lightly wounded, moving very quickly)
The sting hits Jessica.
Jessica is poisoned.
Jessica is moderately wounded.
Jessica gestures at you while chanting. Pain shoots through your body!
* * * LOW HITPOINT WARNING * * *
Jessica hits you.
* * * LOW HITPOINT WARNING * * *
Casting: Sting
Confirm with . or Enter, or press ? or * to list all spells.
Aiming: Sting
Press: ? - help, Shift-Dir - straight line, f/p - Jessica
Aim: Jessica wearing a robe (moderately wounded, poisoned, moving very quickly)
The sting misses Jessica.
The sting misses the jackal.
Jessica points at you and mumbles some strange words.
Pain shoots through your body!
You die...

......#.#..####....
......#...........##
#.###...#h#..#......
......#>#.....#.###
###..###.#.o#.......
............#....#
...#####.#.h..#
#.####o# #..@@h.#
########


You could see Jessica, an orc and a jackal.

Vanquished Creatures
  An adder (D:3)
  A bat (D:2)
  2 goblins (D:2)
  2 hobgoblins (D:1)
  3 jackals (D:1)
  A giant gecko (D:3)
  2 rats
12 creatures vanquished.

Notes
Turn   | Place    | Note
--------------------------------------------------------------
     0 | D:1      | 4tharraofdagon, the Centaur Venom Mage, began the quest for the Orb.
     0 | D:1      | Reached XP level 1. HP: 14/14 MP: 2/2
    75 | D:1      | Reached skill level 1 in Fighting
   195 | D:2      | Reached XP level 2. HP: 11/24 MP: 0/3
   335 | D:3      | Learned a level 2 spell: Cure Poison
   577 | D:3      | Noticed Jessica
   631 | D:3      | Killed from afar by Jessica

Action                   || total
-------------------------++-------
Melee: Unarmed           ||    45
 Cast: Sting             ||    15
  Use: Potion            ||     5
